 Dungeon Crawl Stone Soup version 0.23.2-1-ga50397a (webtiles) character file.

Game seed: 15329513805009914084

18 sankara the Chopper (level 2, -1/27 HPs)
             Began as a Hill Orc Monk on May 2, 2019.
             Succumbed to a gnoll's poison
             ... on level 1 of the Dungeon.
             The game lasted 00:02:01 (126 turns).

sankara the Chopper (Hill Orc Monk)                  Turns: 126, Time: 00:02:02

Health: -1/27      AC:  2    Str: 13    XL:     2   Next: 70%
Magic:  2/2        EV: 13    Int: 10    God:
Gold:   27         SH:  0    Dex: 13    Spells: 1/1 levels left

rFire    . . .     SeeInvis .   d - +2 dagger (venom)
rCold    . . .     Gourm    .   (no shield)
rNeg     . . .     Faith    .   b - +0 robe
rPois    .         Spirit   .   (no helmet)
rElec    .         Reflect  .   (no cloak)
rCorr    .         Harm     .   (no gloves)
MR       .....                  (no boots)
Stlth    ++........             (no amulet)
HPRegen  0.09/turn              (no ring)
MPRegen  0.08/turn              (no ring)

@: lethally poisoned (-1 -> -38)
A: no striking features
a: no special abilities


You were on level 1 of the Dungeon.
You were full.

You visited 1 branch of the dungeon, and saw 1 of its levels.

You collected 27 gold pieces.

Inventory:

Hand Weapons
 a - a +0 hand axe
 d - a +2 dagger of venom (weapon)
   (You found it on level 1 of the Dungeon)
Armour
 b - a +0 robe (worn)
Scrolls
 e - a scroll of amnesia {unknown}
Comestibles
 f - 5 chunks of flesh {@w0}


   Skills:
 + Level 3.9 Fighting
 * Level 4.6 Axes
 - Level 2.4 Dodging
 + Level 1.9 Stealth


You had one spell level left.
You didn't know any spells.
Your spell library was empty.

Dungeon Overview and Level Annotations

Branches:
Dungeon (1/15)

Altars:


Message History

The bat is moderately wounded.
You kill the bat!
The bat closely misses you. The giant cockroach misses you.
You hit the giant cockroach.
The giant cockroach is poisoned.
The giant cockroach is heavily wounded.
You kill the giant cockroach!
The bat misses you. The bat barely misses you.
You see here a giant cockroach corpse.
You closely miss the bat. The bat closely misses you.
A kobold comes into view. It is wielding a +0 short sword.
The kobold shouts!
The bat hits you but does no damage.
You closely miss the bat. The bat closely misses you. The bat hits you.
You hit the bat.
The bat is poisoned.
The bat is severely wounded.
The bat barely misses you.
You completely miss the kobold.
You kill the bat!
The kobold barely misses you.
You hit the kobold but do no damage.
The kobold is poisoned.
The kobold closely misses you.
You closely miss the kobold.
A kobold comes into view. It is wielding a +0 short sword.
The kobold closely misses you.
You hit the kobold but do no damage.
The kobold is moderately wounded.
The kobold misses you.
You hit the kobold.
You kill the kobold!
You have reached level 2!
The kobold throws a stone.
The stone closely misses you. The kobold misses you.
You hit the kobold.
You kill the kobold!
No target in view!
No target in view!
No target in view!
No target in view!
Things that are here:
a +0 short sword; a kobold corpse You see here a bat corpse.
You butcher the bat corpse.
f - a chunk of flesh {@w0} You see here a bat skeleton.
You see here a giant cockroach corpse.
You now have 8 gold pieces.
f - 2 chunks of flesh {@w0} (gained 1)
You see here a rat skeleton.
You see here a giant cockroach corpse.
You now have 17 gold pieces (gained 9).
HP restored.
A jackal comes into view.
The jackal bites you.
You see here a scroll labeled YTUENENLACK.
You hit the jackal.
The jackal is poisoned.
The jackal is severely wounded.
You kill the jackal!
No target in view!
No target in view!
No target in view!
You see here a jackal corpse.
You butcher the jackal corpse.
f - 5 chunks of flesh {@w0} (gained 3)
You see here a jackal skeleton.
e - a scroll labeled YTUENENLACK You now have 27 gold pieces (gained 10).
A gnoll comes into view. It is wielding a +0 whip of venom.
Unknown command.
The gnoll hits you with a +0 whip of venom.
You are poisoned.
You hit the gnoll but do no damage.
The gnoll is poisoned.
You feel sick. The gnoll misses you.
You are too injured to fight recklessly!
You are too injured to fight recklessly!
You are too injured to fight recklessly!
You are too injured to fight recklessly!
You are too injured to fight recklessly!
You are too injured to fight recklessly!
You hit the gnoll.
The gnoll looks as sick as possible!
The gnoll is lightly wounded.
The gnoll barely misses you.
You hit the gnoll.
The gnoll looks as sick as possible!
The gnoll is heavily wounded.
You feel sick.
The gnoll hits you with a +0 whip of venom.
You are lethally poisoned!
You hit the gnoll but do no damage.
The gnoll is heavily wounded.
You feel sick.
The gnoll hits you with a +0 whip of venom!
* * * LOW HITPOINT WARNING * * *
You are more poisoned.
You hit the gnoll.
You kill the gnoll!
* * * LOW HITPOINT WARNING * * *
You feel very sick.
Unknown command.
You aren't carrying any potions.
You eat the ration.
That ration really hit the spot!
You die...

#.#
#.#
#.#
#.#
#.#
#.#
#.#
#.#
#@#
#).#
#..#
#..#
#.#.
#.##.
#.# .
.#. .


There were no monsters in sight!

Vanquished Creatures
  A gnoll (D:1)
  2 bats (D:1)
  A giant cockroach (D:1)
  A goblin (D:1)
  A jackal (D:1)
  2 kobolds (D:1)
  A rat (D:1)
9 creatures vanquished.

Notes
Turn   | Place    | Note
-------+----------+-------------------------------------------
     0 | D:1      | sankara the Hill Orc Monk began the quest for the Orb.
     0 | D:1      | Reached XP level 1. HP: 19/19 MP: 1/1
    56 | D:1      | Reached XP level 2. HP: 24/27 MP: 2/2
   124 | D:1      | HP: 5/27 [gnoll/+0 whip of venom (9)]
   125 | D:1      | HP: 2/27 [poisoned by a gnoll]
   126 | D:1      | Succumbed to a gnoll's poison

Action                   || total
-------------------------++-------
Melee: Dagger            ||    19
  Eat: Ration            ||     1
Armor: Robe              ||     1
Dodge: Dodged            ||    23

Levels and vault maps discovered:
D:1:      tarquinn_simple_flora_water_a, layout_loops_ring

Table legend:
 A = Turns spent in this place as a percentage of turns spent in the entire game.
 B = Non-inter-level travel turns spent in this place as a percentage of non-inter-level travel turns spent in the entire game.
 C = Inter-level travel turns spent in this place as a percentage of turns spent in this place.
 D = Turns resting spent in this place as a percentage of non-inter-level travel turns spent in this place.
 E = Turns spent auto-exploring this place as a percentage of non-inter-level travel turns spent in this place.
 F = Non-inter-level travel turns spent in this place divided by the number of levels of this place that you've seen.
                   A       B       C       D       E      F
               +-------+-------+-------+-------+-------+----------------------
         Total | 100.0 | 100.0 |   0.0 |   0.0 |  50.0 | 126.0
       Dungeon | 100.0 | 100.0 |   0.0 |   0.0 |  50.0 | 126.0
               +-------+-------+-------+-------+-------+----------------------

Table legend:
 A = Kills in this place as a percentage of kills in entire the game.
 B = Kills by you in this place as a percentage of kills by you in the entire game.
 C = Kills by friends in this place as a percentage of kills by friends in the entire game.
 D = Other kills in this place as a percentage of other kills in the entire game.
 E = Experience gained in this place as a percentage of experience gained in the entire game.
 F = Experience gained in this place divided by the number of levels of this place that you have seen.
                   A       B       C       D       E      F
               +-------+-------+-------+-------+-------+----------------------
         Total | 100.0 | 100.0 |   N/A |   N/A | 100.0 |  27.0
       Dungeon | 100.0 | 100.0 |   N/A |   N/A | 100.0 |  27.0
               +-------+-------+-------+-------+-------+----------------------
